 Dungeon Crawl Stone Soup version 0.29.1-2-gbd0b4ee654 (webtiles) character file.

Game seed: 8945799090566782456

226 styxcanada the Covert (level 5, -3/26 HPs)
             Began as a Spriggan Brigand on Nov 3, 2022.
             Slain by Duvessa
             ... wielding a +0 rapier
              (14 damage)
             ... on level 4 of the Dungeon.
             The game lasted 00:13:15 (4260 turns).

styxcanada the Covert (Spriggan Brigand)            Turns: 4260, Time: 00:13:15

Health: -3/26      AC:  3    Str:  7    XL:     5   Next: 69%
Magic:  6/6        EV: 17    Int: 13    God:
Gold:   217        SH:  0    Dex: 18    Spells: 4/4 levels left

rFire   . . .      SeeInvis +   s - +1 short sword (venom)
rCold   . . .      Faith    .   (no shield)
rNeg    . . .      Spirit   .   b - +0 robe
rPois   +          Reflect  .   (helmet restricted)
rElec   .          Harm     .   c - +0 cloak
rCorr   .          Rampage  .   (gloves unavailable)
Will    .....                   (boots unavailable)
Stlth   ++++......              (no amulet)
HPRegen 0.08/turn               h - ring of poison resistance
MPRegen 0.10/turn               (no ring)

@: very quick
A: very small, no large weapons, unfitting armour, see invisible, speed 3
a: no special abilities


You were on level 4 of the Dungeon.
You visited 1 branch of the dungeon, and saw 4 of its levels.

You collected 217 gold pieces.

Inventory:

Hand Weapons
 a - a +2 dagger
 s - a +1 short sword of venom (weapon)
 t - a +0 vorpal sling
Missiles
 d - 10 poisoned darts (quivered)
 e - a curare-tipped dart
 f - 89 stones
Armour
 b - a +0 robe (worn)
 c - a +0 cloak (worn)
Jewellery
 h - a ring of poison resistance (left hand)
Wands
 j - a wand of polymorph (8)
 n - a wand of flame (11)
Scrolls
 m - a scroll of identify
 p - 2 scrolls of teleportation
Potions
 g - a potion of cancellation
 i - a potion of curing
 k - 2 potions of haste
 l - 2 potions of magic
 o - 2 potions of might


   Skills:
 + Level 2.0 Fighting
 + Level 4.0 Short Blades
 + Level 2.6 Throwing
 + Level 2.6 Dodging
 + Level 8.2 Stealth


You had 4 spell levels left.
You didn't know any spells.
Your spell library was empty.

Dungeon Overview and Level Annotations

Branches:
Dungeon (4/15)
 Temple: D:4-7

Altars:
Kikubaaqudgha
Uskayaw
Yredelemnul

Annotations:
D:4 Duvessa


Innate Abilities, Weirdness & Mutations

You are very small and have problems with some larger weapons.
You are too small for most types of armour.
You have supernaturally acute eyesight. (SInv)
You cover ground extremely quickly. (Speed+++)


Message History

Things that are here:
a +0 dagger of speed; a +0 robe You closely miss Duvessa.
You punch Duvessa, but do no damage. Duvessa completely misses you.
Duvessa closely misses you.
Unknown command.
Throw: 14 darts (poison)
Press: ? - help, Q - select action, (/) - cycle Shift-Dir - straight line, f - Duvessa
Aim: Duvessa, wielding a +0 rapier and wearing a +0 leather armour (berserk, 66% to hit)
You throw a poisoned dart. The poisoned dart hits Duvessa.
Duvessa is poisoned.
Duvessa misses you.
There is a stone staircase leading up here.
Throw: 13 darts (poison)
Press: ? - help, Q - select action, (/) - cycle Shift-Dir - straight line, f/p - Duvessa
Aim: Duvessa, wielding a +0 rapier and wearing a +0 leather armour (lightly wounded, berserk, poisoned, 66% to hit)
You throw a poisoned dart.
The poisoned dart barely misses Duvessa.
There is an open door here.
Duvessa looks more healthy.
Throw: 12 darts (poison)
Press: ? - help, Q - select action, (/) - cycle Shift-Dir - straight line, f/p - Duvessa
Aim: Duvessa, wielding a +0 rapier and wearing a +0 leather armour (lightly wounded, berserk, 66% to hit)
You throw a poisoned dart.
The poisoned dart barely misses Duvessa.
Duvessa hits you with a +0 rapier!
Ouch! That really hurt!
Duvessa rages.
Throw: 11 darts (poison)
Press: ? - help, Q - select action, (/) - cycle Shift-Dir - straight line, f/p - Duvessa
Aim: Duvessa, wielding a +0 rapier and wearing a +0 leather armour (lightly wounded, berserk, 66% to hit)
You throw a poisoned dart. The poisoned dart hits Duvessa.
Duvessa is poisoned.
Duvessa is lightly wounded.
Duvessa rages.
You hit Duvessa but do no damage.
Duvessa looks even sicker.
Duvessa is lightly wounded.
Duvessa hits you with a +0 rapier.
You hit Duvessa but do no damage.
Duvessa looks as sick as possible!
Duvessa is lightly wounded.
Duvessa closely misses you. Duvessa hits you with a +0 rapier!
Ouch! That really hurt!
You die...

#.##..###.#.##.## ..# #.##..#
#.#.##.# #.# #.##..###.#.##.# #.#
#.##......#.##+# #.#
#.##........#...# # ####.#
#.........##..... ## ##.##.#
####.###.##......
.####...#.#########...##.#.......
.'(........(...e@........+.......
.####...#.#########...##.#.......
## ##.##.# ##.###.##...... #
####.# ### #.###..... #.# #.#
##...# #.# ########.# ##'##
###### #.# #........# #.# .....#
#.# #.######### #.# .###.# #.#
#.##......# ##.##


You could see Duvessa (berserk, extremely poisoned).

Vanquished Creatures
  Dowan (D:4)
  4 gnolls (D:3)
  5 adders
  An ufetubus (D:4)
  4 dart slugs
  2 orcs (D:3)
  2 ball pythons
  5 bats
  5 endoplasms
  5 giant cockroaches
  8 hobgoblins
  8 jackals
  2 quokkas
  5 frilled lizards
  9 goblins
  8 kobolds
  4 rats
78 creatures vanquished.

Notes
Turn   | Place    | Note
-------+----------+-------------------------------------------
     0 | D:1      | styxcanada the Spriggan Brigand began the quest for the
                  | Orb.
     0 | D:1      | Reached XP level 1. HP: 10/10 MP: 2/2
   112 | D:1      | Reached skill level 6 in Stealth
   149 | D:1      | Reached XP level 2. HP: 14/14 MP: 3/3
   560 | D:1      | Reached skill level 7 in Stealth
   586 | D:1      | Reached XP level 3. HP: 11/18 MP: 4/4
  1149 | D:2      | Found an ancient bone altar of Kikubaaqudgha.
  1747 | D:2      | Reached XP level 4. HP: 23/23 MP: 5/5
  2802 | D:3      | Found a hide-covered altar of Uskayaw.
  2804 | D:3      | Found a basalt altar of Yredelemnul.
  2857 | D:3      | Reached XP level 5. HP: 22/26 MP: 6/6
  3593 | D:4      | Reached skill level 8 in Stealth
  3819 | D:4      | Found an ancient bone altar of Kikubaaqudgha.
  4219 | D:4      | Noticed Dowan
  4224 | D:4      | Killed Dowan
  4225 | D:4      | Noticed Duvessa
  4260 | D:4      | Slain by Duvessa

Illustrated notes

Levels and vault maps discovered:
D:1:      minmay_arrival_shattered_statue, layout_rooms,
          kennysheep_another_room, hex_large, minmay_cut_off
D:2:      layout_rooms, basic_altar, kennysheep_generic_room_14
D:3:      layout_rooms, grunt_temple_overflow_open, grunt_decor_mini_mirrors,
          minmay_misc_feat_diagonals
D:4:      layout_loops_corners, mainiacjoe_overflow_concentric_impassable,
          nicolae_kite_square_tiling_tiny, chequers_big_river, uniq_duvessa

Skill      XL: |  1  2  3  4  5 |
---------------+----------------+-----
Stealth        | 6 7 8 |  8.2
Short Blades   | 3 4 |  4.0
Dodging        | 2 |  2.6
Fighting       | 2 |  2.0
Throwing       | |  2.6

Action                   |  1- 3 |  4- 6 || total
-------------------------+-------+-------++-------
Melee: Dagger            |   123 |    47 ||   170
       Punch             |     1 |     2 ||     3
       Short sword       |       |    41 ||    41
Throw: Dart              |    10 |    23 ||    33
  Use: Scroll            |       |    15 ||    15
 Stab: Sleeping          |     8 |     7 ||    15
       Distracted        |       |     1 ||     1
Armor: Robe              |    12 |    12 ||    24
Dodge: Dodged            |    82 |    63 ||   145
